AoeStats
← 白给连狙

Arena

509689468Analyzed
3v3 RM · 6d ago on Sep 27, 2026· 49m 34s· 6 players
Game mode
Random Map
Map size
Normal (6 player)
Population
200
Speed
Normal
Resources
Standard
Victory
Conquest
Starting age
Dark Age
Ending age
Imperial Age
RankedLock teamsTeams togetherTeam positionsShared explorationLock speedFull tech treeHidden civsTurbo modeCheats
Victory
Defeat
🇨🇳 Franks · China
824
+15
🇩🇪 Varangians · Germany
782
+17
🇧🇴 Cumans · Bolivia
769
+17
🇭🇺 Teutons · Hungary
922
-62
🇭🇺 Persians · Hungary
750
-14
🇭🇺 Celts · Hungary
716
-13
PROtektorKaiser
0:40 Loom
10:45 Feudal Age
11:15 Double-Bit Axe
12:15 Wheelbarrow
11:24 Horse Collar
14:35 Gold Mining
19:30 Castle Age
18:46 Stone Mining
20:02 Forging
20:36 Bow Saw
24:36 Fletching
26:09 Stone Shaft Mining
25:44 Scale Mail Armor
30:44 Heavy Plow
31:01 Squires
35:43 Imperial Age
34:38 Hand Cart
34:50 Bodkin Arrow
36:57 Iron Casting
38:59 Bracer
40:41 Blast Furnace
41:10 Elite Varangian Guard
42:33 Gothikon
43:33 Chain Mail Armor
45:56 Crop Rotation
48:06 Two-Man Saw
Franco E
11:37 Feudal Age
12:37 Double-Bit Axe
18:06 Castle Age
22:10 Horse Collar
24:00 Wheelbarrow
24:32 Coinage
25:57 Hand Cart
26:29 Ballistics
26:45 Caravan
28:06 Bow Saw
28:42 Loom
29:09 Scale Barding Armor
29:05 Scale Mail Armor
29:12 Gold Mining
29:52 Capped Ram
30:29 Heated Shot
30:50 Masonry
31:09 Stone Mining
31:57 Gold Shaft Mining
31:27 Heavy Plow
31:10 Crossbowman
32:52 Steppe Husbandry
35:26 Imperial Age
35:08 Thumb Ring
35:28 Elite Steppe Lancer
36:35 Chain Barding Armor
36:31 Chain Mail Armor
36:17 Padded Archer Armor
36:08 Fletching
37:52 Cuman Mercenaries
38:44 Crop Rotation
38:47 Banking
38:36 Guilds
38:56 Onager
40:44 Chemistry
40:03 Leather Archer Armor
41:43 Plate Barding Armor
41:36 Cavalier
43:43 Ring Archer Armor
43:09 Bodkin Arrow
45:29 Siege Onager
46:31 Paladin
白给连狙
9:57 Feudal Age
15:24 Castle Age
16:13 Double-Bit Axe
17:11 Bow Saw
23:00 Wheelbarrow
22:13 Loom
22:14 Town Watch
23:14 Gold Mining
23:47 Forging
23:56 Stone Mining
25:23 Gold Shaft Mining
26:11 Husbandry
26:15 Caravan
26:23 Scale Barding Armor
27:06 Hand Cart
28:20 Iron Casting
28:46 Chain Barding Armor
33:18 Imperial Age
34:02 Masonry
33:43 Treadmill Crane
33:42 Cavalier
35:28 Blast Furnace
35:03 Plate Barding Armor
35:07 Conscription
35:32 Paladin
Overcome8853
13:42 Feudal Age
17:13 Horse Collar
20:01 Man-at-Arms
23:42 Castle Age
23:55 Long Swordsman
27:00 Gambesons
27:17 Squires
28:00 Crossbowman
30:42 Heavy Plow
31:17 Pikeman
36:43 Imperial Age
37:51 Wheelbarrow
37:03 Loom
39:36 Elite Teutonic Knight
39:43 Cavalier
41:29 Crenellations
43:36 Halberdier
43:39 Two-Handed Swordsman
Pufci2011
0:32 Loom
13:54 Feudal Age
15:35 Horse Collar
15:53 Double-Bit Axe
21:46 Castle Age
28:21 Caravan
28:52 Coinage
32:21 Imperial Age
32:04 Ballistics
33:39 Heavy Scorpion
35:37 Bow Saw
35:25 Gold Mining
35:26 Stone Mining
35:44 Heavy Plow
35:57 Forging
36:51 Chemistry
35:55 Scale Mail Armor
39:21 Gold Shaft Mining
39:21 Stone Shaft Mining
38:57 Elite Woad Raider
39:48 Furor Celtica
Scrap
0:27 Loom
17:12 Feudal Age
18:35 Wheelbarrow
19:17 Scale Barding Armor
19:24 Forging
22:58 Castle Age
21:53 Horse Collar
22:01 Double-Bit Axe
23:06 Stone Mining
23:07 Gold Mining
26:57 Bow Saw
30:21 Heavy Plow
32:44 Kamandaran
36:50 Imperial Age
35:10 Caravan
35:41 Coinage
35:36 Ballistics
38:07 Chemistry
37:42 Citadels
42:10 Banking
41:51 Guilds
Connection lost

Rejoining the realm…

Still unreachable

The connection could not be restored.

Session expired

The server has moved on; the page needs a fresh start.